 Dungeon Crawl Stone Soup version 0.29.1-12-g30fa7ad0bf (webtiles) character file.

Game seed: 6504850590012440702

2051 cheesebisquit the Skirmisher (level 9, -4/68 HPs)
             Began as a Minotaur Hunter on Jan 15, 2023.
             Was an Elder of Okawaru.
             Killed from afar by an acid dragon (25 damage)
             ... with a splash of acid
             ... on level 7 of the Dungeon.
             The game lasted 00:21:47 (4488 turns).

cheesebisquit the Skirmisher (Minotaur Hunter)      Turns: 4488, Time: 00:21:47

Health: -4/68      AC:  1    Str: 21    XL:     9   Next: 4%
Magic:  8/8        EV: 12    Int:  6    God:    Okawaru [****..]
Gold:   238        SH:  0    Dex: 25    Spells: 8/8 levels left

rFire   . . .      SeeInvis .   a - +0 shortbow
rCold   . . .      Faith    .   (shield currently unavailable)
rNeg    . . .      Spirit   .   e - +2 ring mail of Inaction {Slay+3}
rPois   .          Reflect  .   (helmet restricted)
rElec   .          Harm     .   F - +0 cloak
rCorr   .          Rampage  .   y - +0 pair of gloves
Will    .....                   (no boots)
Stlth   ++........              f - amulet of regeneration
HPRegen 1.01/turn               j - +6 ring of dexterity
MPRegen 0.11/turn               k - +6 ring of strength

@: corroded
A: horns 2, retaliatory headbutt
a: Renounce Religion, Heroism, Finesse


You were on level 7 of the Dungeon.
You worshipped Okawaru.
Okawaru was greatly pleased with you.
You visited 2 branches of the dungeon, and saw 8 of its levels.

You collected 355 gold pieces.
You spent 117 gold pieces at shops.

Inventory:

Hand Weapons
 a - a +0 shortbow (weapon)
Missiles
 t - 25 poisoned darts
 E - 2 throwing nets
Armour
 e - the +2 ring mail of Inaction (worn) {Slay+3}
   (You found it on level 4 of the Dungeon)

   Slay:      It affects your accuracy & damage with ranged weapons and melee
   (+3).
 y - a +0 pair of gloves (worn)
 F - a +0 cloak (worn)
Jewellery
 f - an amulet of regeneration (around neck)
 j - a +6 ring of dexterity (left hand)
 k - a +6 ring of strength (right hand)
 l - an amulet of the acrobat
 x - a ring of protection from cold
 C - a ring of see invisible
Wands
 r - a wand of digging (3)
Scrolls
 b - 3 scrolls of immolation
 c - a scroll of noise {unknown}
 i - a scroll of vulnerability
 o - 3 scrolls of amnesia
 p - a scroll of teleportation
 s - a scroll of enchant weapon {unknown}
 v - a scroll of fear {unknown}
 w - a scroll of enchant armour {unknown}
 B - a scroll of brand weapon {unknown}
Potions
 d - 3 potions of attraction
 h - a potion of brilliance
 m - a potion of magic {unknown}
 n - a potion of lignification {unknown}
 q - 5 potions of curing
 z - a potion of invisibility {unknown}
 A - a potion of might
 D - a potion of mutation {unknown}
 G - a potion of berserk rage


   Skills:
 - Level 2.4 Fighting
 + Level 13.5 Ranged Weapons
 - Level 2.1 Dodging
 - Level 0.7 Stealth


You had 8 spell levels left.
You didn't know any spells.
Your spell library contained the following spells:

 Spells                   Type           Power      Damage    Failure   Level
 Borgnjor's Vile Clutch   Necr/Erth      0%         N/A       100%        5
 Orb of Destruction       Conj           0%         9d5       100%        7
 Summon Guardian Golem    Hex/Summ       Unusable   N/A       N/A         3
 Animate Dead             Necr           Unusable   N/A       N/A         4
 Death Channel            Necr           Unusable   N/A       N/A         6
 Spellforged Servitor     Conj/Summ      Unusable   N/A       N/A         7

Dungeon Overview and Level Annotations

Branches:
Dungeon (7/15)             Temple (1/1) D:4

Altars:
Ashenzari
Cheibriados
Elyvilon
Fedhas
Hepliaklqana
Nemelex Xobeh
Okawaru
Qazlal
Ru
Trog
Uskayaw
Wu Jian
Xom
Yredelemnul
The Shining One

Shops:
D:2 !


Innate Abilities, Weirdness & Mutations

You have a pair of horns on your head.
You reflexively headbutt those who attack you in melee.


Message History

You climb downwards.
Found a long sword.
Found an escape hatch in the floor.
There is a stone staircase leading up here.
Found a short sword.
Found a spear.
You shoot an arrow. The arrow hits the orc.
The orc is moderately wounded.
You shoot an arrow. The arrow hits the orc!
You kill the orc!
Okawaru accepts your kill.
An acid dragon comes into view.
You shoot an arrow. The acid dragon roars!
The arrow hits the acid dragon!
The acid dragon is heavily wounded.
You shoot an arrow.
The arrow hits the acid dragon but does no damage.
The acid dragon is heavily wounded.
You shoot an arrow. The arrow hits the acid dragon.
The acid dragon is heavily wounded.
The acid dragon spits acid at you. The splash of acid hits you!
The acid corrodes you!
You shoot an arrow.
The arrow hits the acid dragon but does no damage.
The acid dragon is heavily wounded.
You shoot an arrow.
The arrow hits the acid dragon but does no damage.
The acid dragon is heavily wounded.
The acid dragon spits acid at you. The splash of acid hits you!!
The acid corrodes you!
You hear a shout! x2
You are too injured to fight recklessly!
A gnoll comes into view. It is wielding a +0 whip of pain.
The acid dragon spits acid at you. The splash of acid hits you!
* * * LOW HITPOINT WARNING * * *
You hear a howl!
The acid dragon spits acid at you. The splash of acid hits you!!
You die...

#.# #.... #.#.#
#.# #... #.#..
#.# #h. .... ##.#
#.# #..#
#..######.# #..
#.....)g[.#
##.##...D.#####
##).....##.#
####...@..###.#
#....#.#..# #.D
#....#.#.)# ##..
#....#....# ...
#...>##...# ..#.
#)....#...# ..#.#
#.......#....#...
. #....##.#.#....
#.<..##.#.#....


You could see an acid dragon (catching breath).

Vanquished Creatures
  2 steam dragons (D:7)
  A water moccasin (D:6)
  2 black bears
  2 ice beasts
  An ogre (D:6)
  A centaur (D:6)
  A kobold brigand (D:6)
  2 necrophages
  2 bullfrogs (D:7)
  3 scorpions
  A howler monkey (D:6)
  A jelly (D:5)
  3 orc priests
  A gnoll bouda (D:6)
  Terence (D:3)
  5 iguanas (D:6)
  3 orc wizards
  9 gnolls
  7 adders
  4 white imps
  An ufetubus (D:6)
  3 worms
  A dart slug (D:3)
  17 orcs
  4 ball pythons
  5 endoplasms
  2 giant cockroaches
  7 goblins
  4 hobgoblins
  8 jackals (D:1)
  17 kobolds
  A quokka (D:4)
  4 bats
  3 frilled lizards
  6 rats
135 creatures vanquished.

Vanquished Creatures (others)
  A shadow imp (D:7)
1 creature vanquished.

Grand Total: 136 creatures vanquished

Notes
Turn   | Place    | Note
-------+----------+-------------------------------------------
     0 | D:1      | cheesebisquit the Minotaur Hunter began the quest for the
                  | Orb.
     0 | D:1      | Reached XP level 1. HP: 18/18 MP: 0/0
   203 | D:1      | Reached XP level 2. HP: 25/25 MP: 1/1
   207 | D:1      | Reached skill level 5 in Ranged Weapons
   553 | D:2      | Reached XP level 3. HP: 30/30 MP: 2/2
   606 | D:2      | Found a basalt altar of Yredelemnul.
   821 | D:2      | Found Ruew's Distillery.
   827 | D:2      | Bought 2 potions of curing for 78 gold pieces
   934 | D:2      | Bought a potion of curing for 39 gold pieces
   994 | D:3      | Noticed Terence
  1007 | D:3      | Killed Terence
  1008 | D:3      | Reached skill level 6 in Ranged Weapons
  1008 | D:3      | Reached XP level 4. HP: 22/37 MP: 3/3
  1169 | D:3      | Found a stormy altar of Qazlal.
  1579 | D:3      | Found a sparkling altar of Nemelex Xobeh.
  1953 | D:4      | Reached skill level 7 in Ranged Weapons
  1953 | D:4      | Reached XP level 5. HP: 42/42 MP: 4/4
  1963 | D:4      | Found a shimmering altar of Xom.
  2031 | D:4      | Identified the +2 ring mail of Inaction {Slay+3}
  2276 | D:4      | Found a staircase to the Ecumenical Temple.
  2295 | Temple   | Entered the Ecumenical Temple
  2516 | D:4      | Found an iron altar of Okawaru.
  2524 | D:4      | Became a worshipper of Warmaster Okawaru
  2773 | D:5      | Entered Level 5 of the Dungeon
  2875 | D:5      | Noticed an ice beast
  2877 | D:5      | Killed an ice beast
  2878 | D:5      | Reached skill level 8 in Ranged Weapons
  2878 | D:5      | Reached XP level 6. HP: 50/50 MP: 5/5
  2931 | D:5      | Reached * piety under Okawaru
  3002 | D:5      | Reached skill level 9 in Ranged Weapons
  3141 | D:5      | Reached XP level 7. HP: 53/56 MP: 6/6
  3348 | D:5      | Identified the +10 spear of Meohut {flame, Str+5}
  3523 | D:6      | Reached ** piety under Okawaru
  3524 | D:6      | Reached skill level 10 in Ranged Weapons
  3614 | D:6      | Reached skill level 11 in Ranged Weapons
  3776 | D:6      | Reached XP level 8. HP: 62/62 MP: 7/7
  3908 | D:6      | Reached *** piety under Okawaru
  3911 | D:6      | Reached skill level 12 in Ranged Weapons
  4276 | D:7      | Reached skill level 13 in Ranged Weapons
  4328 | D:7      | Reached **** piety under Okawaru
  4329 | D:7      | Reached XP level 9. HP: 37/68 MP: 8/8
  4329 | D:7      | Noticed a troll
  4488 | D:7      | Killed from afar by an acid dragon

Illustrated notes

Levels and vault maps discovered:
D:1:      mrwooster_arrival_arrow, layout_rooms
D:2:      layout_rooms, serial_shops, nicolae_shop_stone, basic_altar,
          chequers_jeans, lightli_corner_chamber
D:3:      layout_loops_corners, nicolae_qazlal_general_emergency,
          nemelex_spade_bored_becter, uniq_terence
D:4:      layout_gridville, mainiacjoe_overflow_alcove_1, okawaru_trees_1,
          temple_green, serial_rivers, chequers_serial_rivers_small_b,
          chequers_serial_rivers_small_3, chequers_serial_rivers_micro_e,
          chequers_serial_rivers_large_b, chequers_serial_rivers_micro_e
D:5:      layout_loops_ring, nicolae_shop_clearance
D:6:      layout_rooms, nrook_mini_backslash, kennysheep_generic_room_16
D:7:      minmay_the_grid_four_pointed_star
          [minmay_the_grid_triangle_9x9_sparse_checkered,
          minmay_the_grid_triangle_9x9_fully_insulated_deathbox,
          minmay_the_grid_triangle_9x9_stretched_checkered,
          minmay_the_grid_triangle_9x9_shrine,
          minmay_the_grid_prize_four_corners], layout_rooms
Temple:   nicolae_temple_two_arcs

Skill      XL: |  1  2  3  4  5  6  7  8 |
---------------+-------------------------+-----
Ranged Weapons | 5 6 7 8 9 11 13 | 13.5
Fighting       | |  2.4
Dodging        | |  2.1
Stealth        | |  0.7

Action                   |  1- 3 |  4- 6 |  7- 9 || total
-------------------------+-------+-------+-------++-------
Melee: Shortbow          |       |    11 |     1 ||    12
       Headbutt          |       |     2 |       ||     2
 Fire: Shortbow          |    76 |   135 |   191 ||   402
  Use: Scroll            |       |     4 |     7 ||    11
       Potion            |       |     2 |     5 ||     7
Armor: Robe              |       |     7 |       ||     7
       Ring mail         |       |    18 |    56 ||    74
Dodge: Dodged            |    12 |    30 |    68 ||   110
